 Dungeon Crawl Stone Soup version 0.31.0-11-ge490571c62 (webtiles) character file.

Game seed: 13904214995408623822

86 qw the Shooter (level 4, -3/25 HPs)
             Began as a Deep Elf Hunter on Feb 4, 2024.
             Killed from afar by Sigmund (5 damage)
             ... with a magic dart
             ... on level 3 of the Dungeon.
             The game lasted 00:00:08 (2335 turns).

qw the Shooter (Deep Elf Hunter)                    Turns: 2335, Time: 00:00:08

Health: -3/25      AC:  6    Str: 10    XL:     4   Next: 27%
Magic:  6/6        EV:  9    Int: 14    God:
Gold:   132        SH:  0    Dex: 18    Spells: 3/3 levels left

rFire   . . .        a - +0 shortbow
rCold   . . .        (shield currently unavailable)
rNeg    . . .        d - +0 scale mail
rPois   .            (no helmet)
rElec   .            (no cloak)
rCorr   .            (no gloves)
SInv    .            (no boots)
Will    .....        (no amulet)
Stlth   +            (no ring)
HPRegen 0.24/turn    (no ring)
MPRegen 0.10/turn

%: no passive effects
@: no status effects
A: no striking features
a: no special abilities


You were on level 3 of the Dungeon.
You visited 1 branch of the dungeon, and saw 3 of its levels.

You collected 132 gold pieces.


   Skills:
 - Level 1.5 Fighting
 + Level 7.7 Ranged Weapons
 - Level 2.4 Dodging
 - Level 1.2 Stealth


You had 3 spell levels left.
You didn't know any spells.
Your spell library was empty.

Inventory:

Hand Weapons
 a - a +0 shortbow (weapon)
Armour
 d - a +0 scale mail (worn)
Scrolls
 b - a scroll of fear {unknown}
 c - a scroll of teleportation

Dungeon Overview and Level Annotations

Branches:
Dungeon (3/15)

Altars:

Annotations:
D:3 Sigmund


Message History

You open the door.
There is an open door here.
A quokka comes into view.
Enter note:
Enter note:
Enter note: You shoot an arrow.
The arrow misses the quokka.
You shoot an arrow. The arrow hits the quokka!
You kill the quokka!
A goblin comes into view. It is wielding a +0 dagger.
The goblin shouts!
You shoot an arrow. The arrow hits the goblin.
You kill the goblin!
Found a short sword.
You open the door.
There is an open door here.
You open the door.
There is an open door here.
Found a scroll of amnesia.
You see here a scroll of amnesia.
b - a scroll labelled FENTUU GUITU Sigmund the Dreaded comes into view.
He is wielding a +2 scythe of freezing.
Sigmund shouts!
You shoot an arrow. The arrow barely misses Sigmund.
Sigmund gestures wildly while chanting.
Sigmund flickers and vanishes!
Deactivating autopickup; reactivate with Ctrl-A.
You shoot an arrow. You shoot an arrow. You shoot an arrow. Something hits you!
Something freezes you.
You shoot an arrow. You shoot an arrow. Something hits you!
Something freezes you.
You shoot an arrow.
You hear some strange, mumbled words.
Something tries to affect you, but you resist.
A magic dart appears from out of thin air!
The magic dart hits you.
You die...

... ?. ..##
..# ..# # #{#
#.###.#.#
#.....#@####
#.........#
#.####.##.#
#..###.# #
###...#..#
........##
###...#.###.#
#.........#
#####.#####


There were no monsters in sight!

Vanquished Creatures
  An adder (D:2)
  A gnoll (D:1)
  4 ribbon worms (D:2)
  2 dart slugs
  2 ball pythons (D:1)
  4 endoplasms (D:1)
  3 giant cockroaches
  5 goblins
  2 hobgoblins (D:1)
  4 jackals (D:1)
  2 quokkas
  5 bats
  5 frilled lizards
  3 kobolds
  9 rats
52 creatures vanquished.

Notes
Turn   | Place    | Note
-------+----------+-------------------------------------------
     0 | D:1      | qw the Deep Elf Hunter began the quest for the Orb.
     0 | D:1      | Reached XP level 1. HP: 12/12 MP: 3/3
     0 | D:1      | 0 ||| qw: Version: 0.3-a-160-g6735b56
     0 | D:1      | 0 ||| qw: Game counter: 5453
     0 | D:1      | 0 ||| qw: Melee chars always use a shield: true
     0 | D:1      | 0 ||| qw: God list: Okawaru
     0 | D:1      | 0 ||| qw: Allow faded altars: false
     0 | D:1      | 0 ||| qw: Do Orc after clearing Dungeon:15 true
     0 | D:1      | 0 ||| qw: Do second Lair branch before Depths: true
     0 | D:1      | 0 ||| qw: Lair rune preference: random
     0 | D:1      | 0 ||| qw: Goals: Normal
     0 | D:1      | 0 ||| PLANNING D:1-11
    19 | D:1      | Reached skill level 6 in Ranged Weapons
    19 | D:1      | Reached XP level 2. HP: 16/16 MP: 4/4
   230 | D:1      | Reached XP level 3. HP: 20/20 MP: 5/5
   588 | D:1      | Reached skill level 7 in Ranged Weapons
   858 | D:1      | 858 ||| UPGRADING to +0 scale mail.
   868 | D:1      | 868 ||| DROPPING +0 leather armour.
   869 | D:1      | 869 ||| READING 4 scrolls labelled NEFUCA JYPH.
   869 | D:1      | 869 ||| IDENTIFYING red potion
   870 | D:1      | 870 ||| DROPPING scroll of butterflies.
   871 | D:1      | 871 ||| DROPPING potion of ambrosia.
  1148 | D:2      | Reached XP level 4. HP: 12/25 MP: 6/6
  1430 | D:2      | 1430 ||| FLEEEEING.
  2019 | D:2      | 2019 ||| READING 3 scrolls of identify.
  2019 | D:2      | 2019 ||| IDENTIFYING scroll labelled NITZEL IHIASKI
  2020 | D:2      | 2020 ||| READING 2 scrolls of identify.
  2020 | D:2      | 2020 ||| IDENTIFYING scroll labelled QIAPRE ZACETACK
  2021 | D:2      | 2021 ||| READING scroll of identify.
  2021 | D:2      | 2021 ||| IDENTIFYING scroll labelled SUINOS PIHEA
  2022 | D:2      | 2022 ||| READING 3 scrolls labelled BERUKLE PUDE.
  2023 | D:2      | 2023 ||| DROPPING scroll of amnesia.
  2024 | D:2      | 2024 ||| DROPPING 2 scrolls of noise.
  2025 | D:2      | 2025 ||| DROPPING scroll of silence.
  2328 | D:3      | Noticed Sigmund
  2334 | D:3      | HP: 6/25 [something (9)]
  2334 | D:3      | HP: 2/25 [something (4)]
  2335 | D:3      | Killed from afar by Sigmund

Levels and vault maps discovered:
D:1:      ldierk_walled_garden_2, layout_basic, wad_floor_pattern_2,
          minmay_rat_gold_closets
D:2:      layout_basic, serial_forest, infiniplex_forest_straight_4,
          infiniplex_forest_lined_room_2, infiniplex_forest_end_double,
          infiniplex_forest_clump_medium, infiniplex_forest_straight_1,
          infiniplex_forest_clump_double, infiniplex_forest_side_room
D:3:      layout_loops_corners, mainiacjoe_overflow_swirl, uniq_sigmund

Skill      XL: |  1  2  3 |
---------------+----------+-----
Ranged Weapons | 6 7 |  7.7
Fighting       | |  1.5
Dodging        | |  2.4
Stealth        | |  1.2

Action                     |  1- 3 |  4- 6 || total
---------------------------+-------+-------++-------
   Fire: Shortbow          |   100 |    50 ||   150
    Use: Scroll            |     1 |     4 ||     5
 Armour: Leather armour    |    14 |       ||    14
         Scale mail        |    13 |    22 ||    35
  Dodge: Dodged            |    11 |     7 ||    18

Table legend:
 A = Non-vault XP
 B = Vault XP
 C = Vault XP percentage of total XP
 D = Non-vault monster count
 E = Vault monster count
 F = Vault count percentage of total count
                 A         B        C        D         E       F
            +---------+---------+-------+---------+---------+-------
      Total |     117 |       7 |   5.6 |      45 |       7 |  13.5
            +---------+---------+-------+---------+---------+-------
        D:1 |      58 |       7 |  10.8 |      24 |       7 |  22.6
        D:2 |      54 |       0 |   0.0 |      18 |       0 |   0.0
        D:3 |       5 |       0 |   0.0 |       3 |       0 |   0.0
            +---------+---------+-------+---------+---------+-------
